 Dungeon Crawl Stone Soup version 0.30-a0-1050-g2766ea1e55 (webtiles) character file.

Game seed: 4256302683713645752

77 Arcadio the Grave Robber (level 4, -2/36 HPs)
             Began as a Ghoul Necromancer on Apr 10, 2023.
             Was an Initiate of Nemelex Xobeh.
             Slain by Ijyb
             ... wielding a +0 club
              (3 damage)
             ... on level 4 of the Dungeon.
             The game lasted 00:09:22 (2521 turns).

Arcadio the Grave Robber (Ghoul Necromancer)        Turns: 2521, Time: 00:09:22

Health: -2/36      AC:  3    Str: 11    XL:     4   Next: 33%
Magic:  14/14      EV: 12    Int: 12    God:    Nemelex Xobeh [......]
Gold:   143        SH:  0    Dex:  9    Spells: 5/6 levels left

rFire   . . .      SeeInvis .      - Unarmed
rCold   + . .      Faith    .    (no shield)
rNeg    + + +      Spirit   .    a - +0 robe
rPois   ∞          Reflect  .    j - +0 helmet
rElec   .          Rampage  .    (no cloak)
rCorr   .                        (no gloves)
Will    .....                    (no boots)
Stlth   ++                       k - amulet of regeneration
HPRegen 0.00/turn                l - ring of magical power
MPRegen 0.14/turn                q - +4 ring of protection

@: about to teleport, corroded, inhibited regen
A: claws 1, cold resistance 1, negative energy resistance 3, inhibited
regeneration, torment resistance 2, devour on kill
a: Renounce Religion, Draw Escape, Draw Destruction, Draw Summoning


You were on level 4 of the Dungeon.
You worshipped Nemelex Xobeh.
Nemelex Xobeh was noncommittal.
You visited 1 branch of the dungeon, and saw 4 of its levels.
You also visited: Ossuary.

You collected 143 gold pieces.

Inventory:

Armour
 a - a +0 robe (worn)
 j - a +0 helmet (worn)
Jewellery
 k - an amulet of regeneration (around neck)
 l - a ring of magical power (left claw)
 q - a +4 ring of protection (right claw)
Scrolls
 c - a scroll of immolation {unknown}
 d - a scroll of teleportation
 f - a scroll of amnesia {unknown}
 g - 2 scrolls of vulnerability
 h - a scroll of blinking {unknown}
 n - a scroll of silence {unknown}
 p - a scroll of enchant weapon
Potions
 b - a potion of magic
 e - a potion of curing
 i - 2 potions of berserk rage
 m - a potion of haste {unknown}
 o - a potion of attraction {unknown}
 r - 2 potions of mutation {unknown}
 s - a potion of heal wounds {unknown}


   Skills:
 + Level 2.2 Fighting
 + Level 2.7 Dodging
 - Level 2.1 Stealth
 + Level 2.2 Unarmed Combat
 - Level 1.7 Spellcasting
 - Level 4.0 Necromancy


You had 5 spell levels left.
You knew the following spells:

 Your Spells              Type           Power      Damage    Failure   Level
a - Necrotise             Necr           40%        1d6       5%          1

Your spell library contained the following spells:

 Spells                   Type           Power      Damage    Failure   Level
 Vampiric Draining        Necr           10%        2d6       16%         3
 Animate Dead             Necr           10%        N/A       47%         4
 Agony                    Necr           10%        N/A       83%         5


Dungeon Overview and Level Annotations

Branches:
Dungeon (4/15) Zot: 21491  Temple (0/1) D:4         Ossuary (visited)

Altars:
Nemelex Xobeh
Vehumet
Wu Jian

Annotations:
D:4 Ijyb


Innate Abilities, Weirdness & Mutations

You are immune to poison.
You have sharp fingernails.
Your flesh is cold resistant. (rC+)
You are immune to negative energy. (rN+++)
You do not regenerate when monsters are visible.
You are immune to unholy pain and torment.
You thrive by killing the living.


Message History

The orc shouts!
You hear a shout!
You scratch Ijyb but do no damage.
You hear a shout!
An orc comes into view. It is wielding a +0 short sword.
Ijyb hits you with a +0 club.
You scratch Ijyb but do no damage. Ijyb barely misses you.
You scratch Ijyb.
Ijyb is lightly wounded.
An orc comes into view. It is wielding a +0 whip.
Ijyb completely misses you.
You barely miss Ijyb. Your claw misses Ijyb.
Ijyb is lightly wounded.
Ijyb barely misses you.
You scratch Ijyb but do no damage.
Ijyb is lightly wounded.
You feel your willpower return.
Ijyb screams, "It's all mine!"
Ijyb misses you.
You barely miss Ijyb.
Ijyb is lightly wounded.
You scratch Ijyb but do no damage.
Ijyb is lightly wounded.
Ijyb hits you with a +0 club.
It was a potion of berserk rage.
You feel slightly irritated. Ijyb hits you with a +0 club.
* * * LOW HITPOINT WARNING * * *
It was a potion of curing.
You feel better. Ijyb misses you.
You scratch Ijyb.
Ijyb is lightly wounded.
Ijyb zaps a wand.
The bolt of acid hits you!
* * * LOW HITPOINT WARNING * * *
Ijyb attacks as you move away! Ijyb hits you with a +0 club.
* * * LOW HITPOINT WARNING * * *
As you read the scroll of teleportation, it crumbles to dust.
You feel strangely unstable. Ijyb closely misses you.
You scratch Ijyb but do no damage.
Ijyb is lightly wounded.
Ijyb hits you with a +0 club.
You die...
Your body disappears without a glow.

> .. ... #+#
.... #@#
o....
###g###S.....
+..{o.ooo....
###.###o#.###
#.# .. #+# .#
#


You could see Ijyb and an orc.

Vanquished Creatures
  3 adders
  A worm (D:3)
  A dart slug (D:2)
  2 orcs
  5 endoplasms
  3 giant cockroaches (D:2)
  5 goblins
  2 hobgoblins
  2 quokkas
  5 ball pythons
  3 bats
  A frilled lizard (D:2)
  5 kobolds
  3 rats
41 creatures vanquished.

Vanquished Creatures (others)
  2 fungi (D:1)
2 creatures vanquished.

Grand Total: 43 creatures vanquished

Notes
Turn   | Place    | Note
-------+----------+-------------------------------------------
     0 | D:1      | Arcadio the Ghoul Necromancer began the quest for the Orb.
     0 | D:1      | Reached XP level 1. HP: 14/14 MP: 2/2
   222 | D:1      | Reached XP level 2. HP: 22/22 MP: 0/3
   298 | D:1      | Reached skill level 1 in Fighting
   298 | D:1      | Reached skill level 1 in Unarmed Combat
   956 | D:2      | Found a faded altar of an unknown god.
   961 | D:2      | Reached XP level 3. HP: 28/28 MP: 2/4
  1964 | D:3      | Found a sparkling altar of Nemelex Xobeh.
  1965 | D:3      | Found an ornate altar of the Wu Jian Council.
  1966 | D:3      | Found a radiant altar of Vehumet.
  1980 | D:3      | Became a worshipper of Nemelex Xobeh the Trickster
  2166 | D:3      | Reached XP level 4. HP: 24/36 MP: 5/5
  2480 | D:4      | Found a staircase to the Ecumenical Temple.
  2480 | D:4      | Found a sand-covered staircase.
  2483 | Ossuary  | Entered an ossuary
  2493 | D:4      | Noticed Ijyb
  2519 | D:4      | HP: 1/36 [Ijyb/+0 club (5)]
  2521 | D:4      | Slain by Ijyb

Illustrated notes

Levels and vault maps discovered:
D:1:      evilmike_arrival_home_sweet_home, layout_rooms,
          dreamdust_mushroom_princess
D:2:      layout_basic, hellmonk_ecumenical_altar_crossroads
D:3:      layout_basic, chequers_temple_overflow_statue_of_worship
D:4:      layout_rooms, fedhas_altar_decomposition,
          minmay_temple_entry_large_hall, nicolae_ossuary_entry_plus,
          uniq_pikel, uniq_ijyb

Skill      XL: |  1  2  3 |
---------------+----------+-----
Dodging        | 2 |  2.7
Fighting       | 1 2 |  2.2
Unarmed Combat | 1 2 |  2.2
Stealth        | |  2.1
Spellcasting   | |  1.7
Necromancy     | |  4.0

Action                     |  1- 3 |  4- 6 || total
---------------------------+-------+-------++-------
  Melee: Unarmed           |   118 |    41 ||   159
         Punch             |     2 |     1 ||     3
   Cast: Necrotise         |    37 |       ||    37
    Use: Scroll            |       |     4 ||     4
         Potion            |       |     2 ||     2
   Stab: Sleeping          |     3 |     1 ||     4
 Armour: Robe              |    31 |    10 ||    41
  Dodge: Dodged            |    81 |    20 ||   101

Table legend: (Time is in decaauts)
 A = Elapsed time spent in this place.
 B = Non-inter-level travel time spent in this place.
 C = Inter-level travel time spent in this place.
 D = Time resting spent in this place.
 E = Time spent auto-exploring this place.
 F = Levels seen in this place.
 G = Mean time per level.
                   A        B        C        D        E       F      G
               +--------+--------+--------+--------+--------+-----+--------+
         Total |   2514 |   2514 |      0 |      0 |   1964 |   5 |  502.8 |
       Dungeon |   2507 |   2507 |      0 |      0 |   1964 |   4 |  626.8 |
       Ossuary |      6 |      6 |      0 |      0 |      0 |   1 |    6.0 |
               +--------+--------+--------+--------+--------+-----+--------+

Top non-repeatable levels by time:
     D:2: 1222 daAuts
     D:1: 693 daAuts
     D:3: 555 daAuts
     D:4: 36 daAuts
 Ossuary: 6 daAuts
